 Dungeon Crawl Stone Soup version 0.21-a0-286-g6fcecc0 (webtiles) character file.

68 GordonOverkill the Poker (level 4, -3/38 HPs)
             Began as a Gnoll Monk on Sept 27, 2017.
             Killed from afar by an orc wizard (13 damage)
             ... with a puff of flame
             ... on level 3 of the Dungeon.
             The game lasted 00:03:23 (2600 turns).

GordonOverkill the Poker (Gnoll Monk)               Turns: 2600, Time: 00:03:24

Health: -3/38      AC:  6    Str:  7    XL:     4   Next: 19%
Magic:  4/4        EV: 10    Int:  7    God:
Gold:   158        SH:  0    Dex:  7    Spells: 3/3 levels left

rFire    . . .     SeeInvis .   a - +0 spear
rCold    . . .     Gourm    .   (no shield)
rNeg     . . .     Faith    .   e - +0 ring mail
rPois    .         Spirit   .   p - +0 helmet
rElec    .         Reflect  .   (no cloak)
rCorr    .         Harm     .   (no gloves)
MR       .....                  (no boots)
Stlth    +.........             (no amulet)
HPRegen  0.12/turn              (no ring)
MPRegen  0.09/turn              (no ring)

@: no status effects
A: unchanging attributes, fangs 1, strong nose
a: no special abilities


You were on level 3 of the Dungeon.
You were hungry.

You visited 1 branch of the dungeon, and saw 3 of its levels.

You collected 158 gold pieces.

Inventory:

Hand Weapons
 a - a +0 spear (weapon)
Armour
 e - a +0 ring mail (worn)
 p - a +0 helmet (worn)
Scrolls
 b - a scroll of identify {unknown}
 j - 2 scrolls of teleportation {unknown}
 k - a scroll of noise {unknown}
 m - a scroll of recharging {unknown}
 n - a scroll of remove curse
 o - a scroll of blinking {unknown}
Potions
 d - a potion of brilliance {unknown}
 g - a potion of heal wounds {unknown}
 h - a potion of curing
 i - a potion of degeneration {unknown}
Comestibles
 c - a bread ration
 f - 2 royal jellies
 l - a meat ration


   Skills:
 + Level 4.7 Fighting
 * Level 5.6 Polearms
 + Level 4.4 Dodging
 - Level 2.4 Stealth


You had 3 spell levels left.
You didn't know any spells.

Dungeon Overview and Level Annotations

Branches:
Dungeon (3/15)

Altars:

Annotations:
D:3 GordonOverkill's ghost, amateur GnMo


Innate Abilities, Weirdness & Mutations

Your physical attributes are unchanging.
You have very sharp teeth.
Your uncanny sense of smell can sniff out nearby items.


Message History

You are too injured to fight recklessly!
You are too injured to fight recklessly!
You are too injured to fight recklessly!
Something hits you but does no damage.
You feel sick.
A magic dart appears from out of thin air!
The magic dart hits you!
You feel sick.
You hear some strange, mumbled words.
A puff of flame appears from out of thin air!
The puff of flame hits you!
* * * LOW HITPOINT WARNING * * *
It was a potion of curing.
You feel better.
Something hits you but does no damage. x2
Something hits you but does no damage.
An orc wizard appears from thin air!
Reactivating autopickup.
The orc wizard points at you and mumbles some strange words.
The puff of flame hits you!
You die...

. .. ####.# ##.
... #....# # #..
.... #.#### #.#.#
..... #.#
#.#.###)..... #.#
#....o)r# #.#
###.######## #.#
#..r.o...######.#
#..#####.##..o@.#
#..#####.##o#####
#...(....r..#
##.#####.####
#.#####.#
#.......#
#########


You could see an orc wizard and an orc.

Vanquished Creatures
  An adder (D:3)
  An ooze (D:2)
  3 dart slugs (D:1)
  2 orcs (D:3)
  2 bats (D:1)
  3 giant cockroaches
  A goblin (D:1)
  9 hobgoblins
  6 jackals
  3 frilled lizards
  8 kobolds
  3 rats
42 creatures vanquished.

Notes
Turn   | Place    | Note
-------+----------+-------------------------------------------
     0 | D:1      | GordonOverkill the Gnoll Monk began the quest for the Orb.
     0 | D:1      | Reached XP level 1. HP: 19/19 MP: 1/1
   183 | D:1      | Reached XP level 2. HP: 16/25 MP: 2/2
   924 | D:2      | Reached XP level 3. HP: 31/31 MP: 3/3
  1047 | D:2      | Reached skill level 5 in Polearms
  2265 | D:3      | Noticed GordonOverkill's ghost (amateur GnMo)
  2414 | D:3      | Reached XP level 4. HP: 34/38 MP: 4/4
  2600 | D:3      | Killed from afar by an orc wizard

Vault maps used:
D:1:      minmay_arrival_three_doors
D:3:      lemuel_crystal_altar

Skill      XL: |  1  2  3 |
---------------+----------+-----
Polearms       | 5 |  5.6
Fighting       | |  4.7
Dodging        | |  4.4
Stealth        | |  2.4

Action                   |  1- 3 |  4- 6 || total
-------------------------+-------+-------++-------
Melee: Spear             |   196 |    51 ||   247
       Bite              |     7 |     4 ||    11
  Use: Scroll            |     1 |       ||     1
       Potion            |       |     1 ||     1
  Eat: Chunk             |     4 |     1 ||     5
Armor: Ring mail         |    52 |    20 ||    72
       Robe              |     1 |       ||     1
Dodge: Dodged            |    74 |     8 ||    82

Table legend:
 A = Spawn XP
 B = Non-spawn XP
 C = Spawn XP percentage of total XP
 D = Spawn monster count
 E = Non-spawn monster count
 F = Spawn count percentage of total count
 G = Total turns spent on level
                    A         B        C        D         E        F      G
               +---------+---------+-------+---------+---------+-------+---------
         Total |       0 |      98 |   0.0 |       0 |      42 |   0.0 |  2600
               +---------+---------+-------+---------+---------+-------+---------
           D:1 |       0 |      33 |   0.0 |       0 |      17 |   0.0 |   873
           D:2 |       0 |      26 |   0.0 |       0 |      12 |   0.0 |  1021
           D:3 |       0 |      39 |   0.0 |       0 |      13 |   0.0 |   706
               +---------+---------+-------+---------+---------+-------+---------
